 Dungeon Crawl Stone Soup version 0.31-a0-496-g6f97920a28 (webtiles) character file.

Game seed: 8341073249812862029

128 AstroCodex24 the Chopper (level 4, 0/35 HPs)
             Began as a Vampire Fighter on Aug 8, 2023.
             Slain by a gnoll
             ... wielding a +0 club
              (7 damage)
             ... on level 5 of the Dungeon.
             The game lasted 00:03:39 (608 turns).

AstroCodex24 the Chopper (Vampire Fighter)           Turns: 608, Time: 00:03:39

Health: 0/35       AC:  7    Str: 17    XL:     4   Next: 86%
Magic:  4/4        EV:  9    Int: 10    God:
Gold:   38         SH:  4    Dex: 13    Spells: 3/3 levels left

rFire   . . .        a - +0 war axe
rCold   . . .        c - +0 buckler
rNeg    . . .        b - +0 scale mail
rPois   .            (no helmet)
rElec   .            i - +0 cloak
rCorr   .            (no gloves)
SInv    +            (no boots)
Will    .....        (no amulet) Stlth
                     (no ring)
HPRegen 0.45/turn    (no ring)
MPRegen 0.09/turn

%: no passive effects
@: healing quickly
A: alive, fangs 3, see invisible, vampiric 2
a: Exsanguinate


You were on level 5 of the Dungeon.
You visited 1 branch of the dungeon, and saw 5 of its levels.

You collected 38 gold pieces.

Inventory:

Hand Weapons
 a - a +0 war axe (weapon)
Armour
 b - a +0 scale mail (worn)
 c - a +0 buckler (worn)
 i - a +0 cloak (worn)
Scrolls
 e - 2 scrolls of fog {unknown}
 g - a scroll of identify {unknown}
Potions
 d - a potion of might
 f - a potion of invisibility {unknown}
 h - 2 potions of curing {unknown}
 j - a potion of resistance {unknown}


   Skills:
 + Level 3.1 Fighting
 + Level 3.2 Axes
 + Level 3.1 Armour
 + Level 0.6 Dodging
 + Level 3.1 Shields


You had 3 spell levels left.
You didn't know any spells.
Your spell library was empty.

Dungeon Overview and Level Annotations

Branches:
Dungeon (5/15)
 Temple: D:4-7

Altars:

Shops:
D:2 !


Innate Abilities, Weirdness & Mutations

Your natural rate of healing is accelerated.
You have razor-sharp teeth.
You have supernaturally acute eyesight. (SInv)
You are afflicted with vampirism and can become a bat while bloodless.


Message History

Your Axes skill increases to level 3!
Your Armour skill increases to level 3!
Your Shields skill increases to level 3!
You have reached level 4!
The hound barks!
You hear an angry growl.
A gnoll comes into view. It is wielding a +0 flail.
The gnoll hits you but does no damage.
You closely miss the gnoll. The hound barely misses you.
The gnoll hits you but does no damage.
You hit the gnoll.
The gnoll is lightly wounded.
You closely miss the hound. The hound bites you.
The hound bites you but does no damage. The gnoll barely misses you.
You closely miss the gnoll.
The gnoll is lightly wounded.
You hit the hound. The hound completely misses you.
The gnoll hits you with a +0 club. The hound closely misses you.
The gnoll hits you with a +0 club.
You closely miss the gnoll.
The gnoll is lightly wounded.
You hit the hound but do no damage. The hound bites you. x2
The gnoll closely misses you.
You barely miss the gnoll.
The gnoll is lightly wounded.
You hit the hound. The hound bites you. The hound bites you but does no damage.
A gnoll comes into view. It is wielding a +0 flail.
The gnoll hits you but does no damage.
You barely miss the gnoll.
The gnoll is lightly wounded.
You barely miss the hound.
The gnoll shouts!
You hear an angry growl.
The hound bites you. The gnoll hits you with a +0 club.
* * * LOW HITPOINT WARNING * * *
The hound bites you.
* * * LOW HITPOINT WARNING * * *
You block the gnoll's attack. The hound bites you but does no damage.
You slash the hound!
The hound is almost dead.
You closely miss the gnoll. The hound barely misses you.
The gnoll hits you with a +0 club!
You die...

##...............#
##................# ##
###..................
...##..........#.........
..............####.......
..............# #....
.............## #..
.........#h.##
......g##g@.# ......#
#..## #....# #...# #...#
#...## .... #g...# .g.
....... ....... .......


You could see a hound and 2 gnolls.

Vanquished Creatures
  A black bear (D:5)
  2 adders
  2 dart slugs
  3 endoplasms
  A giant cockroach (D:1)
  A hobgoblin (D:1)
  A quokka (D:1)
  2 ball pythons
  3 bats (D:1)
  2 frilled lizards (D:1)
  2 kobolds
  A rat (D:1)
21 creatures vanquished.

Notes
Turn   | Place    | Note
-------+----------+-------------------------------------------
     0 | D:1      | AstroCodex24 the Vampire Fighter began the quest for the
                  | Orb.
     0 | D:1      | Reached XP level 1. HP: 17/17 MP: 1/1
    77 | D:1      | Reached XP level 2. HP: 15/23 MP: 2/2
   249 | D:1      | You fall into a shaft and drop 1 floor!
   249 | D:2      | Found Carocam's Distillery.
   369 | D:3      | Gained mutation: You are afflicted with vampirism and can
                  | become a bat while bloodless. [Vampire growth]
   369 | D:3      | Reached XP level 3. HP: 28/28 MP: 3/3
   570 | D:4      | You fall into a shaft and drop 1 floor!
   570 | D:5      | Entered Level 5 of the Dungeon
   585 | D:5      | Noticed a black bear
   594 | D:5      | Killed a black bear
   595 | D:5      | Reached XP level 4. HP: 27/35 MP: 4/4
   608 | D:5      | Slain by a gnoll

Illustrated notes

Levels and vault maps discovered:
D:1:      saegor_arrival_miasma, layout_loops_ring, minmay_vboxes
D:2:      layout_basic, nicolae_ecumenical_oubliette, serial_shops, shop, shop,
          nicolae_shop_tiny_real_fake_doors, shop, shop
D:3:      layout_loops_corners
D:4:      layout_loops_ring, solitary_fountain, minmay_small_thing
D:5:      layout_layer_cave, serial_shops, nicolae_shop_trees, uniq_duvessa,
          uniq_ijyb

Skill      XL: |  1  2  3 |
---------------+----------+-----
Axes           | 2 3 |  3.2
Fighting       | 3 |  3.1
Armour         | 3 |  3.1
Shields        | 3 |  3.1
Dodging        | |  0.6

Action                     |  1- 3 |  4- 6 || total
---------------------------+-------+-------++-------
  Melee: War axe           |    56 |     7 ||    63
         Bite              |     1 |       ||     1
 Armour: Scale mail        |    64 |     6 ||    70
  Dodge: Dodged            |    43 |     6 ||    49
  Block: Buckler           |    25 |     1 ||    26

Table legend: (Time is in decaauts)
 A = Elapsed time spent in this place.
 B = Non-inter-level travel time spent in this place.
 C = Inter-level travel time spent in this place.
 D = Time resting spent in this place.
 E = Time spent auto-exploring this place.
 F = Levels seen in this place.
 G = Mean time per level.
                   A        B        C        D        E       F      G
               +--------+--------+--------+--------+--------+-----+--------+
         Total |    634 |    573 |     61 |      0 |      0 |   5 |  126.8 |
       Dungeon |    634 |    573 |     61 |      0 |      0 |   5 |  126.8 |
               +--------+--------+--------+--------+--------+-----+--------+

Top non-repeatable levels by time:
     D:1: 261 daAuts
     D:4: 179 daAuts
     D:3: 120 daAuts
     D:5: 42 daAuts
     D:2: 29 daAuts
